 Dungeon Crawl Stone Soup version 0.28-a0-1292-gb4563b27b3 (webtiles) character file.

Game seed: 3668705575774887852

37550 DoubleLucky the Grappler (level 13, 0/135 HPs)
             Began as a Troll Fighter on Dec 27, 2021.
             Was the Champion of Qazlal.
             Slain by a nine-headed hydra (7 damage)
             ... on level 4 of the Lair of Beasts.
             The game lasted 01:01:51 (15725 turns).

DoubleLucky the Grappler (Troll Fighter)           Turns: 15725, Time: 01:01:52

Health: 0/135      AC: 12    Str: 29    XL:     13   Next: 59%
Magic:  17/17      EV:  9    Int:  6    God:    Qazlal [******]
Gold:   853        SH: 17    Dex:  9    Spells: 12/12 levels left

rFire   . . .      SeeInvis .     - Unarmed
rCold   . . .      Faith    .   b - +0 kite shield
rNeg    . . .      Spirit   .   W - +0 acid dragon scales
rPois   .          Reflect  .   (helmet restricted)
rElec   .          Harm     .   K - +0 cloak
rCorr   +          Rampage  .   (gloves unavailable)
Will    .....                   (boots unavailable)
Stlth   +.........              (no amulet)
HPRegen 1.12/turn               C - +4 ring of slaying
MPRegen 0.15/turn               y - +4 ring of slaying

@: protected from physical damage, repel missiles
A: large, unfitting armour, claws 3, regeneration 1, shaggy fur 1, tough skin 1
a: Renounce Religion, Upheaval, Elemental Force, Disaster Area


You were on level 4 of the Lair of Beasts.
You worshipped Qazlal.
Qazlal was exalted by your worship.
You visited 3 branches of the dungeon, and saw 16 of its levels.
You also visited: Bailey.

You collected 886 gold pieces.
You spent 33 gold pieces at shops.

Inventory:

Hand Weapons
 T - the +7 rapier "Ickeffel" {speed, Will+ Str+4}
   (You found it on level 9 of the Dungeon)

   Attacks with this weapon are significantly faster.
   Str:       It affects your strength (+4).
   Will:      It increases your willpower.
Missiles
 a - 5 silver boomerangs
 c - 5 throwing nets
 e - 301 stones
 k - 63 poisoned darts
 l - 10 boomerangs
 o - 8 javelins (quivered)
 v - 3 curare-tipped darts
 M - 2 atropa-tipped darts
Armour
 b - a +0 kite shield (worn)
 w - a +2 robe of willpower
 K - a +0 cloak (worn)
 Q - the +0 robe of Least Resistance {rPois rC+}
   (You found it in a bailey)

   rC:        It protects you from cold.
   rPois:     It protects you from poison.
 W - +0 acid dragon scales (worn)
Jewellery
 i - a +4 ring of evasion
 t - a ring of magical power
 x - the ring of Souc {rCorr Str+6}
   (You found it on level 5 of the Dungeon)

   [ring of strength]

   Str:       It affects your strength (+6).
   rCorr:     It protects you from acid and corrosion.
 y - a +4 ring of slaying (right claw)
 C - a +4 ring of slaying (left claw)
 G - a ring of protection from cold
 P - a ring of flight
Wands
 j - a wand of iceblast (8)
 m - a wand of polymorph (7)
 u - a wand of acid (5)
 z - a wand of flame (56)
 F - a wand of paralysis (10)
Scrolls
 d - 3 scrolls of fear
 f - 4 scrolls of teleportation
 g - 2 scrolls of fog
 n - a scroll of torment {unknown}
 s - 3 scrolls of enchant weapon
 B - 3 scrolls of enchant armour
 E - 2 scrolls of summoning
 H - 3 scrolls of holy word
 I - 2 scrolls of immolation
 S - a scroll of acquirement {unknown}
 V - a scroll of silence {unknown}
 Y - 4 scrolls of blinking
Potions
 h - 8 potions of heal wounds
 p - a potion of cancellation {unknown}
 q - 2 potions of brilliance
 r - 6 potions of curing
 A - a potion of berserk rage {unknown}
 D - a potion of invisibility {unknown}
 L - 2 potions of haste
 N - 4 potions of ambrosia
 O - 2 potions of might
 X - 2 potions of lignification
Miscellaneous
 J - a condenser vane
 U - a tin of tremorstones (2/2)


   Skills:
 + Level 10.3 Fighting
 + Level 10.7 Throwing
 - Level 2.4 Dodging
 - Level 9.0 Shields
 + Level 12.0 Unarmed Combat
 + Level 7.0 Invocations


You had 12 spell levels left.
You didn't know any spells.
Your spell library contained the following spells:

 Spells                   Type           Power      Damage    Failure   Level
 Animate Skeleton         Necr           0%         N/A       52%         1
 Magic Dart               Conj           0%         1d3       52%         1
 Pain                     Necr           0%         1d4       52%         1
 Call Imp                 Summ           0%         N/A       65%         2
 Corpse Rot               Necr/Air       0%         N/A       65%         2
 Ensorcelled Hibernation  Hex/Ice        0%         N/A       65%         2
 Poisonous Vapours        Pois/Air       0%         N/A       65%         2
 Sublimation of Blood     Necr           0%         N/A       65%         2
 Wereblood                Tmut           0%         N/A       65%         2
 Ignite Poison            Fire/Tmut/Pois 0%         N/A       87%         3
 Mephitic Cloud           Conj/Pois/Air  0%         N/A       87%         3
 Spider Form              Tmut/Pois      0%         N/A       87%         3
 Vampiric Draining        Necr           0%         2d6       87%         3
 Petrify                  Tmut/Erth      0%         N/A       99%         4
 Freezing Cloud           Conj/Ice/Air   0%         6-21      100%        5
 Irradiate                Conj/Tmut      0%         3d13      100%        5
 Summon Hydra             Summ           0%         N/A       100%        7


Dungeon Overview and Level Annotations

Branches:
Dungeon (11/15)            Temple (1/1) D:4            Lair (4/6) D:10
  Swamp (0/4) Lair:4       Spider (0/4) Lair:3          Orc (0/2) D:10
 Bailey (visited)

Altars:
Ashenzari
Cheibriados
Dithmenos
Elyvilon
Fedhas
Gozag
Hepliaklqana
Kikubaaqudgha
Makhleb
Nemelex Xobeh
Okawaru
Qazlal
Ru
Sif Muna
Trog
Uskayaw
Vehumet
Wu Jian
Xom
Yredelemnul
Zin
The Shining One

Shops:
D:3 *   D:9 :

Annotations:
D:3 3 transporters, ChaosChampion's ghost, amateur DECj


Innate Abilities, Weirdness & Mutations

You are too large for most types of armour.
You have claws for hands.
Your natural rate of healing is unusually fast.
You are covered in fur. (AC +1)
You have tough skin. (AC +1)


Message History

* * * LOW HITPOINT WARNING * * *
You feel more protected from physical attacks.
The blink frog blinks!
Throw: 10 javelins
Press: ? - help, Q - select action, (/) - cycle Shift-Dir - straight line, f - blink frog
Aim: a blink frog (heavily wounded, slow, 58% to hit)
You throw a javelin. The javelin misses the blink frog.
The javelin pierces through the plant!!
The plant begins to die.
The plant is lightly damaged.
The nine-headed hydra is struck by lightning.
Throw: 9 javelins
Press: ? - help, Q - select action, (/) - cycle Shift-Dir - straight line, f/p - blink frog
Aim: a blink frog (heavily wounded, slow, 58% to hit)
You throw a javelin.
The javelin pierces through the blink frog!
The blink frog is almost dead.
You block the nine-headed hydra's attack. x2
The nine-headed hydra bites you!
* * * LOW HITPOINT WARNING * * *
The nine-headed hydra bites you!
* * * LOW HITPOINT WARNING * * *
You block the nine-headed hydra's attack.
The nine-headed hydra bites you.
* * * LOW HITPOINT WARNING * * *
You block the nine-headed hydra's attack.
The nine-headed hydra bites you but does no damage. x2
The blink frog is no longer moving slowly.
The blink frog barely misses you.
The blink frog is engulfed in freezing vapours.
You kill the blink frog!
Qazlal accepts your kill.
Your Invocations skill increases to level 7!
The nine-headed hydra bites you but does no damage.
The nine-headed hydra bites you!
* * * LOW HITPOINT WARNING * * *
The nine-headed hydra closely misses you.
You block the nine-headed hydra's attack.
The nine-headed hydra bites you!
You die...

..........§§§.§.#
.............§§§##
.########P§P.§..§#
## ####.§..###
##.....###
#......P#
###☼....##
##§..#.# #@...#
##D..## #.°...#
##...## #P○°.#
#(†..## #.....# .
##....# ... #..P.#


You could see a nine-headed hydra.

Vanquished Creatures
  5 hydras
  3 two-headed ogres
  A death yak (Lair:1)
  A bog body (Lair:1)
  2 ugly things
  A deep elf pyromancer (D:10)
  A centaur zombie (D:11)
  9 elephants
  A gargoyle (Bailey)
  4 black mambas
  7 cane toads
  3 komodo dragons
  2 rime drakes (Lair:1)
  An ice devil (Lair:1)
  2 trolls
  A queen bee (D:10)
  4 polar bears
  Prince Ribbit (D:4)
  4 blink frogs (Lair:4)
  A spriggan (Lair:3)
  2 wraiths
  6 jumping spiders (Lair:3)
  A dire elephant simulacrum (Lair:1)
  Sigmund (D:6)
  2 vampires (Bailey)
  52 yaks
  A shadow (D:9)
  3 wyverns (D:10)
  A death yak simulacrum (Lair:1)
  2 redbacks (Lair:3)
  2 basilisks (Lair:3)
  A steam dragon (D:8)
  3 acid dragons
  12 water moccasins
  Duvessa (D:5)
  4 orc warriors
  2 black bears
  A swamp drake (Lair:4)
  A sky beast (D:7)
  An ogre (D:7)
  21 wolves
  3 centaurs
  5 kobold brigands
  10 bullfrogs
  A scorpion (Lair:3)
  3 wyvern zombies
  A two-headed ogre simulacrum (Lair:1)
  Dowan (D:5)
  21 killer bees
  6 wights
  3 wolf zombies (Bailey)
  6 vampire bats (Bailey)
  4 howler monkeys
  3 hounds
  5 orc priests
  A centaur skeleton (D:5)
  A jelly (D:6)
  A bullfrog zombie (D:6)
  2 gnoll shamans
  Natasha (thrice) (D:2)
  12 orc wizards
  6 iguanas
  2 spriggan simulacra (Lair:1)
  A hound zombie (D:4)
  5 adders
  12 gnolls
  2 howler monkey skeletons (D:7)
  A naga simulacrum (Lair:1)
  A shadow imp (D:7)
  A white imp (D:3)
  An adder zombie (D:4)
  An adder skeleton (D:4)
  5 worms
  4 dart slugs
  52 orcs
  5 ball pythons
  7 endoplasms
  12 goblins
  5 hobgoblins
  4 jackals (D:1)
  24 kobolds
  2 quokkas (D:3)
  3 bats
  A frilled lizard (D:2)
  17 orc zombies (Bailey)
  2 rats (D:2)
442 creatures vanquished.

Vanquished Creatures (others)
  16 fungi
  37 plants
53 creatures vanquished.

Grand Total: 495 creatures vanquished

Notes
Turn   | Place    | Note
-------+----------+-------------------------------------------
     0 | D:1      | DoubleLucky the Troll Fighter began the quest for the Orb.
     0 | D:1      | Reached XP level 1. HP: 22/22 MP: 0/0
   160 | D:1      | Reached XP level 2. HP: 27/29 MP: 1/1
  1049 | D:2      | Reached XP level 3. HP: 37/37 MP: 2/2
  1233 | D:2      | Reached skill level 3 in Unarmed Combat
  1274 | D:2      | Noticed Natasha
  1304 | D:2      | Killed Natasha
  1305 | D:2      | Reached skill level 1 in Throwing
  1305 | D:2      | Reached XP level 4. HP: 40/45 MP: 3/3
  1445 | D:2      | Noticed Natasha
  1470 | D:2      | Killed Natasha
  1771 | D:2      | Noticed Natasha
  1782 | D:2      | Killed Natasha
  1817 | D:3      | Found a transporter.
  1818 | D:3      | Noticed ChaosChampion's ghost (amateur DECj)
  1853 | D:3      | Reached XP level 5. HP: 50/53 MP: 4/4
  1923 | D:3      | Found a transporter.
  2054 | D:3      | Found a transporter.
  2423 | D:3      | Found a faded altar of an unknown god.
  2493 | D:3      | Found Birhicih's General Store.
  2501 | D:3      | Bought a potion of curing for 33 gold pieces
  2659 | D:4      | Found a bloodstained altar of Trog.
  2809 | D:4      | Found a staircase to the Ecumenical Temple.
  2817 | Temple   | Entered the Ecumenical Temple
  3085 | Temple   | Became a worshipper of Qazlal Stormbringer
  3366 | D:4      | Reached skill level 4 in Unarmed Combat
  3457 | D:4      | Reached XP level 6. HP: 62/62 MP: 5/5
  3461 | D:4      | Found a basalt altar of Yredelemnul.
  3824 | D:5      | Entered Level 5 of the Dungeon
  3824 | D:5      | Noticed Prince Ribbit
  4184 | D:5      | Reached * piety under Qazlal
  4286 | D:4      | Killed Prince Ribbit
  4287 | D:4      | Reached XP level 7. HP: 9/71 MP: 6/6
  4371 | D:5      | Reached skill level 5 in Unarmed Combat
  4541 | D:5      | Identified the ring of Souc {rCorr Str+6}
  4870 | D:5      | Noticed Dowan
  4870 | D:5      | Noticed Duvessa
  4872 | D:5      | Killed Dowan
  4873 | D:5      | Reached XP level 8. HP: 79/79 MP: 7/7
  4875 | D:5      | Killed Duvessa
  5083 | D:6      | Reached skill level 5 in Fighting
  5320 | D:6      | Noticed Sigmund
  5336 | D:6      | Killed Sigmund
  5533 | D:6      | Found an ornate altar of the Wu Jian Council.
  5602 | D:6      | Reached ** piety under Qazlal
  5603 | D:6      | Reached skill level 6 in Unarmed Combat
  6375 | D:7      | Reached skill level 5 in Throwing
  6572 | D:7      | Reached skill level 5 in Shields
  6572 | D:7      | Reached XP level 9. HP: 89/89 MP: 8/8
  7365 | D:8      | Noticed a brown ugly thing
  7382 | D:8      | Killed a brown ugly thing
  7383 | D:8      | Reached skill level 7 in Unarmed Combat
  7534 | D:8      | Reached *** piety under Qazlal
  8000 | D:8      | Found a burning altar of Makhleb.
  8000 | D:8      | Noticed an Executioner
  8321 | D:9      | Found a radiant altar of Vehumet.
  8362 | D:9      | Found a flagged portal.
  8419 | Bailey   | Entered a bailey
  8506 | Bailey   | Noticed a gargoyle
  8515 | Bailey   | Killed a gargoyle
  8528 | Bailey   | Reached XP level 10. HP: 98/100 MP: 9/9
  8674 | Bailey   | Reached **** piety under Qazlal
  8687 | Bailey   | Reached skill level 8 in Unarmed Combat
  8772 | Bailey   | Identified the +0 robe of Least Resistance {rPois rC+}
  8907 | D:9      | Noticed a two-headed ogre
  8954 | D:9      | Killed a two-headed ogre
  8990 | D:9      | Found a shimmering blue altar of Sif Muna.
  9071 | D:9      | Found Curaom's Book Shop.
  9189 | D:9      | Found a glowing silver altar of Zin.
  9279 | D:9      | Identified the +7 rapier "Ickeffel" {speed, Will+ Str+4}
  9383 | D:9      | Found an iron altar of Okawaru.
  9718 | D:10     | Entered Level 10 of the Dungeon
  9823 | D:10     | Reached ***** piety under Qazlal
  9910 | D:10     | Reached skill level 9 in Unarmed Combat
  9938 | D:10     | Reached XP level 11. HP: 91/111 MP: 10/10
 10023 | D:10     | Found a staircase to the Lair.
 10050 | D:10     | Found a staircase to the Orcish Mines.
 10639 | D:10     | Reached skill level 1 in Invocations
 10927 | D:10     | Noticed a deep elf pyromancer
 10937 | D:10     | Killed a deep elf pyromancer
 11445 | D:11     | Noticed a six-headed hydra
 11454 | D:11     | Killed a six-headed hydra
 11473 | D:11     | Noticed a two-headed ogre
 11499 | D:11     | Killed a two-headed ogre
 11616 | D:11     | Noticed a red ugly thing
 11621 | D:11     | Killed a red ugly thing
 11671 | D:11     | Noticed a two-headed ogre
 11693 | D:11     | Killed a two-headed ogre
 11694 | D:11     | Reached skill level 10 in Unarmed Combat
 11886 | D:11     | Noticed a six-headed hydra
 11906 | D:11     | Killed a six-headed hydra
 12160 | Lair:1   | Entered Level 1 of the Lair of Beasts
 12460 | Lair:1   | Reached XP level 12. HP: 122/122 MP: 13/13
 12552 | Lair:1   | Noticed a death yak
 12573 | Lair:1   | Killed a death yak
 12668 | Lair:1   | Reached ****** piety under Qazlal
 13745 | Lair:2   | Reached skill level 5 in Invocations
 13997 | Lair:3   | Reached skill level 11 in Unarmed Combat
 14269 | Lair:3   | Noticed a four-headed hydra
 14289 | Lair:3   | Killed a four-headed hydra
 14406 | Lair:3   | Noticed a four-headed hydra
 14416 | Lair:3   | Killed a four-headed hydra
 14421 | Lair:3   | Reached XP level 13. HP: 132/132 MP: 16/16
 14477 | Lair:3   | Reached skill level 10 in Throwing
 15021 | Lair:3   | Found a hole to the Spider Nest.
 15452 | Lair:4   | Reached skill level 10 in Fighting
 15601 | Lair:4   | Found a staircase to the Swamp.
 15702 | Lair:4   | Reached skill level 12 in Unarmed Combat
 15725 | Lair:4   | Slain by a nine-headed hydra

Illustrated notes

Levels and vault maps discovered:
D:1:      minmay_arrival_up_and_down, layout_loops_corners, minmay_door_square
D:2:      layout_rooms, roderic_lattice_a, uniq_natasha
D:3:      gammafunk_wand_slinger, layout_loops_ring, gammafunk_ghost_mausoleum,
          chequers_ecumenical_altar_lobes, serial_shops,
          nicolae_shop_statue_plus
D:4:      layout_basic, lemuel_zombie_altar_yredelemnul,
          trog_three_pillars_becter, temple_green
D:5:      layout_cave_pools, uniq_prince_ribbit1, uniq_duvessa
D:6:      layout_basic, general_overflow_altar, kennysheep_nondescript,
          uniq_sigmund
D:7:      layout_gridville
D:8:      layout_basic, makhleb_altar_promises_db
D:9:      layout_loops_ring, vehumet_altar_wand_db, mainiacjoe_overflow_paths,
          mainiacjoe_overflow_small_starburst, okawaru_metal_pillars_1_2,
          enter_bailey_5, serial_shops, nicolae_take_the_stairs
D:10:     layout_basic, minmay_lair_entry_grove, hiddenorc1_lemuel, special_room
          [special_room_bee]
D:11:     layout_irregular_city
Temple:   minmay_temple_curvy_branch
Lair:1:   dreamdust_isle_of_ice, layout_cave_pods, serial_bayou_pond_d
Lair:2:   layout_concentric_octagons
Lair:3:   wad_woods_structure_01, layout_concentric_octagons,
          nicolae_spider_entry_tight_spaces, grunt_forest_stairs_clearing
Lair:4:   layout_concentric_octagons, minmay_swamp_entry_reptiles

Skill      XL: |  1  2  3  4  5  6  7  8  9 10 11 12 13 |
---------------+----------------------------------------+-----
Fighting       | 3 4 5 6 7 8 9 10 | 10.3
Unarmed Combat | 3 4 5 6 7 9 10 11 12 | 12.0
Throwing       | 1 2 3 5 6 7 8 9 10 | 10.7
Shields        | 3 5 6 7 8 9 |  9.0
Invocations    | 3 5 7 |  7.0
Dodging        | |  2.4

Action                   |  1- 3 |  4- 6 |  7- 9 | 10-12 | 13-15 || total
-------------------------+-------+-------+-------+-------+-------++-------
Melee: Unarmed           |    78 |   147 |   188 |   456 |   113 ||   982
       Punch             |       |     4 |       |       |       ||     4
Throw: Stone             |    20 |    50 |    94 |   107 |    53 ||   324
       Dart              |       |     4 |    54 |   105 |       ||   163
       Boomerang         |       |       |     7 |    54 |       ||    61
       Javelin           |       |       |       |    24 |    31 ||    55
Evoke: Wand              |       |       |     3 |       |       ||     3
  Use: Scroll            |       |     2 |     3 |    14 |       ||    19
       Potion            |       |     1 |       |       |       ||     1
 Stab: Sleeping          |     2 |       |       |       |       ||     2
Armor: Robe              |    21 |    43 |    39 |    49 |       ||   152
       Acid dragon scale |       |       |       |    37 |    54 ||    91
Dodge: Dodged            |    33 |    54 |    63 |   128 |    47 ||   325
Block: Kite shield       |     1 |       |    80 |   356 |   137 ||   574
       Other             |       |     2 |     3 |       |       ||     5

Table legend: (Time is in decaauts)
 A = Elapsed time spent in this place.
 B = Non-inter-level travel time spent in this place.
 C = Inter-level travel time spent in this place.
 D = Time resting spent in this place.
 E = Time spent auto-exploring this place.
 F = Levels seen in this place.
 G = Mean time per level.
                   A        B        C        D        E       F      G
               +--------+--------+--------+--------+--------+-----+--------+
         Total |  15579 |  14812 |    767 |    786 |   9930 |  17 |  916.4 |
       Dungeon |  11408 |  10797 |    611 |    554 |   7382 |  11 | 1037.1 |
        Temple |    290 |    248 |     42 |      0 |    246 |   1 |  290.0 |
          Lair |   3503 |   3389 |    114 |    210 |   2169 |   4 |  875.8 |
        Bailey |    377 |    377 |      0 |     22 |    133 |   1 |  377.0 |
               +--------+--------+--------+--------+--------+-----+--------+

Top non-repeatable levels by time:
     D:4: 1484 daAuts
    D:10: 1454 daAuts
  Lair:3: 1372 daAuts
  Lair:1: 1247 daAuts
     D:8: 1081 daAuts
     D:6: 1070 daAuts
     D:7: 1068 daAuts
     D:9: 1025 daAuts
     D:1: 992 daAuts
    D:11: 934 daAuts
     D:2: 818 daAuts
     D:3: 802 daAuts
     D:5: 674 daAuts
  Lair:2: 582 daAuts
  Bailey: 377 daAuts
